 Dungeon Crawl Stone Soup version 0.24.0-10-g970556be89 (webtiles) character file.

Game seed: 3600452808161340086, levelgen mode: deterministic

249 Arixos the Skirmisher (level 5, -2/43 HPs)
             Began as a Demonspawn Monk on Nov 3, 2019.
             Killed from afar by an orc wizard (8 damage)
             ... with a magic dart
             ... on level 3 of the Dungeon.
             The game lasted 00:04:26 (2363 turns).

Arixos the Skirmisher (Demonspawn Monk)             Turns: 2363, Time: 00:04:27

Health: -2/43      AC:  6    Str: 12    XL:     5   Next: 87%
Magic:  5/5        EV: 12    Int: 11    God:
Gold:   59         SH:  0    Dex: 16    Spells: 4/4 levels left

rFire    . . .     SeeInvis .     - Unarmed
rCold    . . .     Gourm    .   (no shield)
rNeg     . . .     Faith    .   d - +0 ring mail
rPois    .         Spirit   .   a - +0 helmet
rElec    .         Reflect  .   (no cloak)
rCorr    .         Harm     .   (no gloves)
MR       .....                  (no boots)
Stlth    +.........             (no amulet)
HPRegen  0.14/turn              (no ring)
MPRegen  0.09/turn              (no ring)

@: no status effects
A: hooves 1, powered by death 1
a: no special abilities


You were on level 3 of the Dungeon.
You were not hungry.

You visited 1 branch of the dungeon, and saw 3 of its levels.

You collected 59 gold pieces.

Inventory:

Missiles
 c - 6 curare-tipped darts (quivered)
Armour
 a - a +0 helmet (worn)
 d - a +0 ring mail (worn)
Scrolls
 f - 3 scrolls of identify {unknown}
 g - a scroll of remove curse {unknown}
 h - a scroll of fog {unknown}
 j - 2 scrolls of blinking {unknown}
 k - a scroll of fear {unknown}
Potions
 e - a potion of brilliance {unknown}
 i - a potion of curing {unknown}
 l - a potion of heal wounds {unknown}
Comestibles
 b - 7 rations


   Skills:
 + Level 4.5 Fighting
 + Level 2.8 Armour
 + Level 4.1 Dodging
 - Level 1.7 Stealth
 - Level 2.6 Unarmed Combat


You had 4 spell levels left.
You didn't know any spells.
Your spell library was empty.

Dungeon Overview and Level Annotations

Branches:
Dungeon (3/15)

Altars:
Dithmenos
Nemelex Xobeh


Innate Abilities, Weirdness & Mutations

You have large cloven feet.
You regenerate a little health from kills.


Message History

The orc wizard is heavily wounded.
The orc wizard gestures at you while chanting.
The magic dart hits you!
* * * LOW HITPOINT WARNING * * *
The orc wizard gestures wildly while chanting.
The orc wizard seems to speed up.
Things that are here:
a +0 dagger; a +0 robe The orc wizard hits you with a +0 dagger.
* * * LOW HITPOINT WARNING * * *
The orc wizard completely misses you. The orc wizard casts a spell at you.
The magic dart hits you.
* * * LOW HITPOINT WARNING * * *
The orc wizard gestures at you while chanting.
The puff of frost hits you.
* * * LOW HITPOINT WARNING * * *
The orc wizard points at you and mumbles some strange words.
The magic dart hits you!
You die...

#######.#.##.#.#
...).......#.#.#####
....................
...........#.#.####
...........#.#.#..
..........##.#.#.###
#####...####.#.#.#..
###########..>+..........#
#.So.oo..@....######.#....
#o############# ###.#...#
#.# #.....#.. #o#
####.....#.. #o#
..........#.. #S#
#####.....#.. ...
.....[...#.# ####o
####....##.# o. #....##.#


You could see an orc wizard, an adder and 2 orcs.

Vanquished Creatures
  An orc wizard (D:3)
  Jessica (D:2)
  Natasha (thrice) (D:2 D:1)
  A gnoll (D:1)
  4 adders (D:2)
  2 oozes
  3 worms (D:2)
  A dart slug (D:1)
  3 leopard geckos
  An orc (D:3)
  9 bats
  3 giant cockroaches
  7 goblins
  6 hobgoblins
  4 frilled lizards
  7 kobolds
  2 rats (D:1)
58 creatures vanquished.

Notes
Turn   | Place    | Note
-------+----------+-------------------------------------------
     0 | D:1      | Arixos the Demonspawn Monk began the quest for the Orb.
     0 | D:1      | Reached XP level 1. HP: 18/18 MP: 1/1
    90 | D:1      | Gained mutation: You have large cloven feet. [demonic
                  | ancestry]
    90 | D:1      | Reached XP level 2. HP: 22/24 MP: 2/2
   147 | D:1      | Found a sparkling altar of Nemelex Xobeh.
   348 | D:1      | Reached skill level 1 in Armour
   413 | D:1      | Reached XP level 3. HP: 14/29 MP: 3/3
  1068 | D:2      | Noticed Jessica
  1075 | D:2      | Killed Jessica
  1075 | D:2      | Gained mutation: You regenerate a little health from kills.
                  | [demonic ancestry]
  1075 | D:2      | Reached XP level 4. HP: 35/37 MP: 4/4
  1118 | D:2      | Found a shadowy altar of Dithmenos.
  1199 | D:2      | Noticed Natasha
  1256 | D:2      | Killed Natasha
  1276 | D:2      | Noticed Natasha
  1486 | D:2      | Killed Natasha
  1486 | D:2      | Reached XP level 5. HP: 37/42 MP: 5/5
  1523 | D:2      | Noticed Natasha
  1543 | D:1      | Killed Natasha
  2363 | D:3      | Killed from afar by an orc wizard

Levels and vault maps discovered:
D:1:      lightli_arrival_farm, layout_basic, nemelex_xobeh_ov_fountains_minmay
D:2:      layout_rooms, nicolae_dithmenos_shadow_blocks, uniq_jessica,
          uniq_natasha
D:3:      layout_basic

Skill      XL: |  1  2  3  4  5 |
---------------+----------------+-----
Dodging        | 3 4 |  4.1
Armour         | 1 2 |  2.8
Fighting       | 4 |  4.5
Stealth        | |  1.7
Unarmed Combat | |  2.6

Action                   |  1- 3 |  4- 6 || total
-------------------------+-------+-------++-------
Melee: Unarmed           |   107 |   150 ||   257
       Punch             |     2 |     1 ||     3
       Kick              |    14 |    46 ||    60
  Eat: Chunk             |       |     5 ||     5
Armor: Ring mail         |    65 |    46 ||   111
       Robe              |     1 |       ||     1
Dodge: Dodged            |    75 |    85 ||   160
